 Dungeon Crawl Stone Soup version 0.24.1-14-gf8d2b509d9 (webtiles) character file.

Game seed: 6430886749535903506, levelgen mode: deterministic

7887 mortelune the Destroyer (level 11, -6/108 HPs)
             Began as a Naga Wizard on May 23, 2020.
             Was a Believer of Cheibriados.
             Mangled by a soul eater (15 damage)
             ... in a Gauntlet.
             The game lasted 00:42:54 (16003 turns).

mortelune the Destroyer (Naga Wizard)              Turns: 16003, Time: 00:42:54

Health: -6/108     AC:  6    Str: 15    XL:     11   Next: 22%
Magic:  12/27      EV: 10    Int: 28    God:    Cheibriados [**....]
Gold:   537        SH:  0    Dex: 17    Spells: 0/20 levels left

rFire    . . .     SeeInvis +   y - +2 mace (holy)
rCold    . . .     Gourm    .   (no shield)
rNeg     . . .     Faith    .   G - +0 troll leather armour
rPois    +         Spirit   .   b - +1 hat
rElec    .         Reflect  .   (no cloak)
rCorr    .         Harm     .   (no gloves)
MR       +....     NoTele   +   (no barding)
Stlth    ++........             R - amulet of regeneration
HPRegen  1.08/turn              k - ring of magical power
MPRegen  0.20/turn              W - ring of wizardry

@: flying, very slow
A: large, see invisible, agile 1, clever 1, deformed body, poison resistance,
slowness 2, slow metabolism 1, spit poison 1, wild magic 1, MP-powered wands, AC
+3
a: Spit Poison, Bend Time, Renounce Religion


You were in a Gauntlet.
You worshipped Cheibriados.
Cheibriados was pleased with you.
You were not hungry.

You visited 2 branches of the dungeon, and saw 12 of its levels.
You also visited: Gauntlet.

You collected 627 gold pieces.
You spent 90 gold pieces at shops.

Inventory:

Hand Weapons
 h - a +0 dagger
 r - a +0 morningstar
 x - a +1 whip of flaming
 y - a +2 mace of holy wrath (weapon)
Armour
 a - a +0 robe
 b - a +1 hat (worn)
 G - a +0 troll leather armour (worn)
Jewellery
 f - an uncursed amulet of rage {unknown}
 k - a ring of magical power (left hand)
 R - an amulet of regeneration (around neck)
 W - a ring of wizardry (right hand)
Wands
 u - a wand of clouds (12)
 w - a wand of flame (39)
 D - a wand of digging (3)
 H - a wand of paralysis (20)
Scrolls
 e - a scroll of fear
 n - a scroll of noise
 t - 3 scrolls of teleportation
 v - a scroll of magic mapping
 B - 2 scrolls of blinking
 C - 2 scrolls of remove curse
 E - a scroll of immolation
 F - a scroll of holy word {unknown}
 K - a scroll of acquirement {unknown}
Potions
 c - a potion of mutation
 g - a potion of ambrosia
 j - 5 potions of degeneration
 l - a potion of curing
 m - 2 potions of berserk rage
 o - 2 potions of cancellation
 p - a potion of might {unknown}
 q - 4 potions of lignification {unknown}
 z - a potion of haste
 I - 2 potions of agility {unknown}
 J - 2 potions of magic
 L - a potion of brilliance
Comestibles
 d - 19 rations


   Skills:
 + Level 10.0 Fighting
 + Level 5.4 Maces & Flails
 - Level 1.5 Dodging
 - Level 3.0 Stealth
 - Level 5.0 Spellcasting
 - Level 10.8 Conjurations
 - Level 1.0 Summonings
 - Level 2.0 Necromancy
 - Level 1.0 Translocations
 * Level 1.3 Air Magic
 - Level 4.0 Poison Magic
 * Level 0.0 Invocations


You couldn't memorise any spells.
You knew the following spells:

 Your Spells              Type           Power        Failure   Level  Hunger
a - Magic Dart            Conj           ####         1%          1    None
b - Call Imp              Summ           ###.....     5%          2    None
c - Conjure Flame         Conj/Fire      #####...     1%          3    #......
d - Mephitic Cloud        Conj/Pois/Air  #####...     1%          3    #......
e - Blink                 Tloc           N/A          5%          2    None
f - Regeneration          Chrm/Necr      ###.......   9%          3    #......
g - Freezing Cloud        Conj/Ice/Air   #####.....   71%         6    ######.

Your spell library contained the following spells:

 Spells                   Type           Power        Failure   Level  Hunger
 Poisonous Vapours        Pois/Air       ####..       2%          2    None
 Infusion                 Chrm           #...         5%          1    None
 Shroud of Golubria       Chrm/Tloc      ##....       6%          2    None
 Slow                     Hex            #.......     7%          2    None
 Song of Slaying          Chrm           #.......     7%          2    None
 Spectral Weapon          Hex/Chrm       #.......     13%         3    #......
 Ring of Flames           Chrm/Fire      #.........   100%        7    #######


Dungeon Overview and Level Annotations

Branches:
Dungeon (11/15)            Temple (1/1) D:4            Lair (0/6) D:11
    Orc (0/2) D:9         Gauntlet (1/1)

Altars:
Ashenzari
Cheibriados
Dithmenos
Elyvilon
Fedhas
Gozag
Hepliaklqana
Kikubaaqudgha
Makhleb
Nemelex Xobeh
Okawaru
Qazlal
Ru
Sif Muna
Trog
Uskayaw
Vehumet
Wu Jian
Xom
Yredelemnul
Zin
The Shining One

Shops:
D:4 %*!   D:6 %

Annotations:
D:5 2 runed translucent doors, Tommers's ghost, novice TeAE Gauntlet 8 transporters


Innate Abilities, Weirdness & Mutations

You cannot wear boots.
Your serpentine skin is tough. (AC +3)
You have supernaturally acute eyesight. (SInv)
Armour fits poorly on your strangely shaped body.
Your system is resistant to poisons. (rPois)
You cover ground very slowly.
You have a slow metabolism.
You can spit poison.
You are agile. (Dex +2)
Your mind is acute. (Int +2)
Your spells are a little harder to cast, but a little more powerful.
You expend magic power (3 MP) to strengthen your wands.


Message History

The magic dart hits the soul eater but does no damage.
The soul eater is moderately wounded.
The soul eater is engulfed in blazing flames.
The soul eater hits you but does no damage.
Casting: Magic Dart (safe; 1% risk of failure)
Confirm with . or Enter, or press ? or * to list all spells.
Aiming: Magic Dart (safe; 1% risk of failure)
Press: ? - help, Shift-Dir - straight line, f/p - soul eater
Aim: a soul eater (flame, moderately wounded)
The magic dart hits the soul eater but does no damage.
The soul eater is moderately wounded.
The soul eater draws from the surrounding life force!
* * * LOW HITPOINT WARNING * * *
The soul eater is healed.
It was a potion of flight.
You feel very buoyant.
You fly up into the air.
The soul eater is engulfed in blazing flames.
The soul eater hits you!
You die...

##§#§#§#≈#≈#≈#§#≈#≈#≈#≈#≈#≈#≈#§#
##....§........§§§§..............
#≈....§..........................
##..###########..###########..###
#§..#.........#..#...#.#...#..#..
##..#..##.##..#..#..#...#..#..#.P
#≈..#[#..#..#.#.5#.##...##.#..#QP
##..#.#..#©.#.####/..#.#..#####Q.
#≈..#©.#####..#3@#5.#.©....#©©#Q.
##..#%#..#.t#.####5.##.#..#####..
#§..#[#..#..#.#..#?##...##.#..#..
##..#..##.##..#..#..#...#5.#..#..
.#..#.........#..#...#.#..5#..#..
©#..###########..###########..###
.#...............................
.#.∩.............................
©#..#########..#########..#######


You could see a soul eater, a ghost crab and 3 shadow imps.

Vanquished Creatures
  2 two-headed ogres (D:8)
  Nergalle (D:10)
  Pikel (D:7)
  A gargoyle (D:10)
  A troll (D:9)
  A wraith (D:9)
  A hungry ghost (D:10)
  A black bear (D:5)
  An orc warrior (D:7)
  3 sky beasts
  3 slaves (D:7)
  2 ice beasts
  4 ogres
  9 centaurs
  5 big kobolds
  A crocodile (D:9)
  6 bullfrogs
  A scorpion (D:4)
  14 killer bees
  A wight (D:9)
  3 howler monkeys (D:8)
  A bullfrog zombie (D:6)
  A centaur zombie (D:9)
  9 crimson imps
  2 quasits
  4 orc priests
  2 hounds
  2 bullfrog skeletons (D:7)
  3 centaur skeletons
  2 iguanas
  An iron imp (D:8)
  5 orc wizards
  10 worker ants
  A killer bee zombie (D:5)
  2 hound zombies (D:7)
  2 hound skeletons
  A howler monkey zombie (D:8)
  A howler monkey skeleton (D:4)
  15 adders
  4 shadow imps
  An adder skeleton (D:7)
  2 worms (D:3)
  A dart slug (D:2)
  5 leopard geckos
  31 orcs
  7 bats
  11 giant cockroaches
  8 goblins
  2 hobgoblins (D:2)
  11 jackals
  2 quokkas
  A ball python (D:2)
  5 frilled lizards
  19 kobolds
  A quokka skeleton (D:3)
  A quokka zombie (D:9)
  5 rats
243 creatures vanquished.

Vanquished Creatures (collateral kills)
  Joseph (D:10)
  A hornet (D:10)
  An ice beast (D:5)
  A killer bee (D:6)
  An iguana (D:9)
  An orc wizard (D:10)
  A hound skeleton (D:6)
  An adder (D:9)
  An ooze (D:1)
  3 orcs
  4 jackals
  2 kobolds
18 creatures vanquished.

Vanquished Creatures (others)
  5 fungi (Gauntlet)
  4 plants (Gauntlet)
9 creatures vanquished.

Grand Total: 270 creatures vanquished

Notes
Turn   | Place    | Note
-------+----------+-------------------------------------------
     0 | D:1      | mortelune the Naga Wizard began the quest for the Orb.
     0 | D:1      | Reached XP level 1. HP: 15/15 MP: 4/4
   302 | D:1      | Reached XP level 2. HP: 14/22 MP: 0/6
   306 | D:1      | Learned a level 2 spell: Call Imp
  1340 | D:2      | Reached XP level 3. HP: 28/28 MP: 7/7
  1593 | D:2      | Learned a level 3 spell: Conjure Flame
  1840 | D:2      | Found a shimmering altar of Xom.
  1841 | D:2      | Found a blossoming altar of Fedhas.
  1868 | D:2      | Found a radiant altar of Vehumet.
  2254 | D:3      | Found an opulent altar of Gozag.
  2501 | D:3      | Reached XP level 4. HP: 33/36 MP: 6/9
  2530 | D:3      | Found a shattered altar of Ashenzari.
  3034 | D:3      | Learned a level 3 spell: Mephitic Cloud
  3266 | D:3      | Found an iron altar of Okawaru.
  3667 | D:4      | Found Zealys's General Store.
  3675 | D:4      | Bought a scroll of identify for 24 gold pieces
  3675 | D:4      | Bought a scroll of teleportation for 36 gold pieces
  3677 | D:4      | Gained mutation: Your body sometimes deteriorates upon
                  | taking damage. [potion of mutation]
  3677 | D:4      | Gained mutation: You have a pair of small antennae on your
                  | head. [potion of mutation]
  3677 | D:4      | Gained mutation: You have a pair of antennae on your head.
                  | [potion of mutation]
  3678 | D:4      | Lost mutation: Your body sometimes deteriorates upon taking
                  | damage. [potion of mutation]
  3678 | D:4      | Lost mutation: You have a pair of antennae on your head.
                  | [potion of mutation]
  3678 | D:4      | Lost mutation: You have a pair of small antennae on your
                  | head. [potion of mutation]
  3678 | D:4      | Gained mutation: You expend magic power (3 MP) to
                  | strengthen your wands. [potion of mutation]
  3678 | D:4      | Gained mutation: You are agile. (Dex +2) [potion of
                  | mutation]
  3678 | D:4      | Gained mutation: Your spells are a little harder to cast,
                  | but a little more powerful. [potion of mutation]
  3678 | D:4      | Gained mutation: Your mind is acute. (Int +2) [potion of
                  | mutation]
  3816 | D:4      | Reached XP level 5. HP: 38/42 MP: 10/10
  3863 | D:4      | Found a basalt altar of Yredelemnul.
  3879 | D:4      | Found Umakam's Distillery.
  3882 | D:4      | Bought a potion of curing for 30 gold pieces
  3895 | D:4      | Noticed an ogre
  3921 | D:4      | Killed an ogre
  3929 | D:4      | Noticed an ogre
  4135 | D:4      | Found a burning altar of Makhleb.
  4176 | D:4      | Reached XP level 6. HP: 49/49 MP: 12/12
  4259 | D:4      | Found a staircase to the Ecumenical Temple.
  4468 | D:4      | Found Buile's Food Shoppe.
  4489 | D:4      | Reached skill level 5 in Conjurations
  4765 | Temple   | Entered the Ecumenical Temple
  4991 | D:5      | Entered Level 5 of the Dungeon
  5097 | D:5      | Reached XP level 7. HP: 54/55 MP: 14/14
  5101 | D:5      | Learned a level 2 spell: Blink
  5589 | D:5      | Found a runed translucent door.
  5589 | D:5      | Noticed Tommers's ghost (novice TeAE)
  5601 | D:5      | Reached skill level 1 in Poison Magic
  5616 | D:5      | Found a runed translucent door.
  5650 | D:5      | Reached skill level 1 in Fighting
  5926 | D:5      | Reached skill level 5 in Spellcasting
  6701 | D:6      | Reached XP level 8. HP: 62/68 MP: 10/15
  7614 | D:6      | Found Heuwn's Food Boutique.
  8186 | D:6      | Reached skill level 5 in Fighting
  8191 | D:6      | Reached XP level 9. HP: 64/81 MP: 3/16
  8568 | D:7      | Noticed Pikel
  8782 | D:7      | Found a hide-covered altar of Uskayaw.
  9531 | D:7      | Found a stormy altar of Qazlal.
 10554 | D:7      | Killed Pikel
 10789 | D:8      | Reached XP level 10. HP: 77/96 MP: 14/17
 11004 | D:8      | Noticed a two-headed ogre
 11039 | D:8      | Noticed a two-headed ogre
 11137 | D:8      | Reached skill level 10 in Conjurations
 11850 | D:8      | Killed a two-headed ogre
 11935 | D:8      | Killed a two-headed ogre
 12085 | D:8      | Found a snail-covered altar of Cheibriados.
 12381 | D:8      | Found a burning altar of Makhleb.
 12536 | D:8      | HP: 1/99 [centaur/arrow (17)]
 12921 | D:8      | Became a worshipper of Cheibriados the Contemplative
 12926 | D:8      | Learned a level 3 spell: Regeneration
 13027 | D:9      | Reached skill level 1 in Maces & Flails
 13292 | D:9      | Reached * piety under Cheibriados
 13524 | D:9      | Reached skill level 1 in Necromancy
 13822 | D:9      | Found a staircase to the Orcish Mines.
 14525 | D:10     | Entered Level 10 of the Dungeon
 14530 | D:10     | Noticed Nergalle
 14535 | D:10     | Noticed a spectral orc warlord
 14727 | D:10     | Reached ** piety under Cheibriados
 14765 | D:10     | Reached XP level 11. HP: 108/108 MP: 7/18
 14860 | D:10     | Killed Nergalle
 15049 | D:10     | Noticed Joseph
 15063 | D:10     | Killed Joseph
 15063 | D:10     | Reached skill level 10 in Fighting
 15063 | D:10     | Reached skill level 5 in Maces & Flails
 15083 | D:10     | Learned a level 6 spell: Freezing Cloud
 15598 | D:10     | Reached skill level 1 in Air Magic
 15606 | D:10     | Paralysed by a hornet for 2 turns
 15657 | D:11     | Found a gate leading to a gauntlet.
 15666 | Gauntlet | Entered a Gauntlet
 15666 | Gauntlet | Found a transporter.
 15666 | Gauntlet | Found a transporter.
 15666 | Gauntlet | Found a transporter.
 15666 | Gauntlet | Noticed a tengu warrior
 15728 | Gauntlet | Noticed a fire crab
 15738 | Gauntlet | Found a transporter.
 15740 | Gauntlet | Found a transporter.
 15746 | Gauntlet | Found a transporter.
 15749 | Gauntlet | Found a transporter.
 15753 | Gauntlet | Noticed a worldbinder
 15757 | Gauntlet | Found a transporter.
 15766 | Gauntlet | Noticed a catoblepas
 15775 | Gauntlet | Found a transporter.
 15775 | Gauntlet | Noticed a ghost crab
 15792 | Gauntlet | Found a transporter.
 15795 | Gauntlet | Found a transporter.
 15796 | Gauntlet | Noticed a soul eater
 15805 | Gauntlet | Found a transporter.
 15848 | Gauntlet | Noticed a swamp dragon
 15848 | Gauntlet | a redback changed into a swamp dragon
 15866 | Gauntlet | Noticed a moth of wrath
 15866 | Gauntlet | a swamp dragon changed into a moth of wrath
 16003 | Gauntlet | Mangled by a soul eater

Levels and vault maps discovered:
D:1:      dpeg_arrival_tiny_f, layout_basic
D:2:      layout_loops_cross, chequers_temple_overflow_statue_of_worship,
          first_ration, serial_bayou_pond_e
D:3:      layout_loops_cross, grunt_gozag_breadcrumbs,
          lemuel_coloured_pillars_altar, marbit_many_paths,
          gup_sewer_entry_spiral, serial_bayou_lake_a
D:4:      layout_gridville, kennysheep_mini_moat,
          nicolae_overflow_crystal_walls, minmay_temple_entry_statues_pillars,
          serial_shops, nicolae_shop_trees, shop, shop, shop,
          nicolae_shop_behind_doors
D:5:      layout_gridville, ebering_ghost_sewer_f
D:6:      layout_loops_ring, serial_shops, shop, minmay_joined_circles
D:7:      layout_loops_ring, old_standard_altar,
          nicolae_qazlal_general_emergency, uniq_pikel
D:8:      layout_cave_pools, slow_altar_1, blue_anna_alchemist
          [blue_anna_fruit_fields, blue_anna_fruit_fields], lemuel_centaur_altar
D:9:      layout_irregular_city, orc_0_dummy, kennysheep_kite_vault
D:10:     layout_big_octagon, amethyst_killhole, uniq_joseph, uniq_nergalle
D:11:     layout_cave_pods, david_lair_generic, gauntlet_entry_generic,
          minmay_misc_feat_tiny, minmay_nine_imps
Temple:   minmay_temple_curvy_loop
Gauntlet: minmay_gauntlet_mixed_big_or_small [gammafunk_gauntlet_arena_hedges,
          minmay_gauntlet_arena_77_p_blocks, gammafunk_gauntlet_arena_chambers,
          minmay_gauntlet_arena_77_braids, nicolae_gauntlet_arena_quarters,
          minmay_gauntlet_arena_77_two_paths,
          nicolae_gauntlet_exit_dead_adventurers]

Skill      XL: |  1  2  3  4  5  6  7  8  9 10 11 |
---------------+----------------------------------+-----
Conjurations   | 2 3 4 5 6 7 9 10 | 10.8
Spellcasting   | 4 5 |  5.0
Poison Magic   | 3 4 |  4.0
Fighting       | 2 5 7 9 10 | 10.0
Maces & Flails | 3 5 |  5.4
Necromancy     | 2 |  2.0
Air Magic      | 1 |  1.3
Dodging        | |  1.5
Stealth        | |  3.0
Summonings     | |  1.0
Translocations | |  1.0

Action                   |  1- 3 |  4- 6 |  7- 9 | 10-12 || total
-------------------------+-------+-------+-------+-------++-------
Melee: Dagger            |       |     5 |       |       ||     5
       Morningstar       |       |     2 |    15 |       ||    17
       Mace              |       |       |     8 |    30 ||    38
 Cast: Magic Dart        |    90 |   112 |   421 |   438 ||  1061
       Call Imp          |     2 |    11 |    28 |    25 ||    66
       Mephitic Cloud    |       |     2 |    17 |    21 ||    40
       Blink             |       |       |     2 |     8 ||    10
       Conjure Flame     |       |       |     1 |       ||     1
 Abil: Spit Poison       |       |     1 |     4 |     2 ||     7
Evoke: Wand              |       |       |       |    10 ||    10
  Use: Scroll            |       |     9 |     7 |     5 ||    21
       Potion            |       |     2 |       |     4 ||     6
  Eat: Chunk             |     2 |     7 |    12 |     6 ||    27
       Ration            |       |       |     1 |     2 ||     3
Armor: Robe              |     5 |     8 |    70 |    34 ||   117
       Troll leather arm |       |       |       |    64 ||    64
Dodge: Dodged            |    13 |    33 |   114 |   151 ||   311
